[Event "Croatian 1B League 2022"]
[Site "Porec"]
[Date "2022.09.28"]
[Round "5.3"]
[White "Segovic, Goran"]
[Black "Bukal, Vladimir Jr."]
[Result "1-0"]
[ECO "B28"]
[WhiteElo "2304"]
[BlackElo "2411"]
[Annotator "TA"]
[PlyCount "75"]
[EventDate "2022.09.24"]
[EventType "team-tourn"]
[EventCountry "CRO"]
[SourceTitle "playchess.com"]
[Source "ChessBase"]
[SourceQuality "1"]
[TimeControl "40/5400+30:1800+30"]

1. e4 c5 2. Nf3 a6 3. c3 d5 4. exd5 Nf6 5. Qa4+ Nbd7 6. c4 {[%emt 0:00:33] B28: Sicilian: 2 Nf3 a6 (O'Kelly Variation).} b5 7. cxb5 {[%emt 0:00:24] [#]} g6 $146 ({Predecessor:} 7... Nxd5 8. Nc3 Nb4 9. b6 Qxb6 10. Bc4 e6 11. O-O Be7 12. Re1 O-O 13. Qb3 Kh8 {½-½ (29) Galdunts,S (2464)-Dausch,R (2306) Boeblingen 1999}) 8. Nc3 {[%emt 0:04:06][%cal Rb5a6] White is slightly better.} Bg7 9. d4 {[%emt 0:08:04] aiming for dxc5.} O-O (9... Nb6 {is more complex.} 10. Qb3 cxd4 11. Nxd4 Nfxd5 12. Nxd5 Nxd5 13. bxa6 e6) 10. dxc5 (10. bxa6 Nb6 11. Qb3 cxd4 12. Nxd4 Nfxd5 13. Nxd5 Qxd5 $11) 10... Nxc5 11. Qc4 Ncd7 12. Qh4 Nb6 13. Bh6 Nbxd5 14. Bxg7 Kxg7 15. Nxd5 Nxd5 16. Qa4 {[%emt 0:07:52] Prevents Qa5+.} Bd7 (16... Qb6 $11) 17. Qd4+ $14 Nf6 18. bxa6 e5 19. Nxe5 (19. Qd6 $14 {deserves consideration.}) 19... Re8 $11 20. f4 Ng4 $2 (20... Qa5+ $1 $14 21. Qc3 Qb6) 21. O-O-O {[%emt 0:05:43] Black must now prevent Nxg4+.} Nxe5 22. Bc4 (22. fxe5 $18 Qg5+ 23. Qd2 Rec8+ 24. Kb1 Bf5+ 25. Bd3 Bxd3+ 26. Qxd3) 22... Qc7 $14 23. b3 {[%emt 0:07:57] And now Rhe1 would win.} Bb5 24. fxe5 {[%emt 0:00:53] Strongly threatening e6+.} Re6 {[%emt 0:05:42] [#]} (24... Bxc4 $14 25. e6+ (25. bxc4 Kg8 $14) (25. Qxc4 Qxc4+ 26. bxc4 Rxa6 $14) 25... Kg8 26. Qxc4 (26. bxc4 Rxe6 27. Rd2 Rexa6 $15) 26... Qxc4+ 27. bxc4 Rxe6) 25. Rd2 (25. Kb1 $1 $18 Bxc4 26. Qxc4 Qxc4 27. bxc4) 25... Raxa6 26. Rc2 Bxc4 27. Rxc4 Qe7 (27... Qb7 $16) 28. Kb1 (28. a4 $18) 28... Qg5 29. g4 ({Better is} 29. Rf1 $18 {Rc7 is the strong threat.} Rxe5 30. g3) 29... Qh4 (29... Qxe5 $16 {was called for.} 30. Qxe5+ Rxe5) 30. Qf4 ({White should try} 30. Rc7 $18 {Hoping for Rf1.} Qh3 31. Qf2 Qd3+ 32. Kb2) 30... Ra7 (30... Qe7 $16 {was necessary.} 31. h4 Rxe5) 31. Rd1 $18 Qh3 32. Kb2 Rea6 $2 {[%emt 0:00:32] [#]} (32... Rae7 33. Rd5 h5) 33. a4 $1 Rb7 34. Rc3 Qg2+ (34... Qh4 $142 35. Rd6 Ra8) 35. Rd2 Qg1 36. Qd4 Qf1 (36... Qxd4 37. Rxd4 Ra5) 37. e6+ f6 (37... Qf6 $142 38. exf7 Qxd4 39. Rxd4 Kxf7) 38. Rf2 {[%emt 0:00:24] Weighted Error Value: White=0.55/Black=0.49} 1-0

[Event "Croatian 1B League 2022"]
[Site "Porec"]
[Date "2022.09.28"]
[Round "5.4"]
[White "Blazeka, Matej"]
[Black "Zadravec, Matija"]
[Result "1/2-1/2"]
[WhiteElo "2331"]
[BlackElo "2250"]
[Annotator "TA"]
[PlyCount "31"]
[EventDate "2022.09.24"]
[EventType "team-tourn"]
[EventCountry "CRO"]
[SourceTitle "playchess.com"]
[Source "ChessBase"]
[SourceQuality "1"]
[TimeControl "40/5400+30:1800+30"]

1. e4 e5 2. Nf3 Nc6 3. Nc3 Nf6 4. a3 d5 5. Bb5 Nxe4 {[%emt 0:03:08] The position is equal.} 6. Qe2 {[%emt 0:03:17] C47: Scotch Four Knights and Four Knights with 4 g3.} Qd6 {[%emt 0:01:55] And now ...Nxc3 would win.} 7. Nxe4 dxe4 8. Qxe4 Bd7 9. d4 {[%emt 0:00:45] [#] An even fight not without its subleties.} {Predecessor:} O-O-O $146 10. dxe5 Nxe5 11. Bxd7+ Qxd7 12. O-O Nxf3+ 13. Qxf3 Qd5 14. Qg3 Bd6 15. Bf4 Bxf4 16. Qxf4 {½-½ (28) Tari,A (2672)-Dubov,D (2702) Chess.com INT 2022} 1/2-1/2

[Event "Croatian 1B League 2022"]
[Site "Porec"]
[Date "2022.09.28"]
[Round "5.5"]
[White "Novak, Ivan"]
[Black "Vujakovic, Branko"]
[Result "1/2-1/2"]
[ECO "D98"]
[WhiteElo "2247"]
[BlackElo "2286"]
[Annotator "TA"]
[PlyCount "120"]
[EventDate "2022.09.24"]
[EventType "team-tourn"]
[EventCountry "CRO"]
[SourceTitle "playchess.com"]
[Source "ChessBase"]
[SourceQuality "1"]
[TimeControl "40/5400+30:1800+30"]

1. d4 Nf6 2. c4 g6 3. Nc3 d5 4. Nf3 Bg7 5. Qb3 dxc4 6. Qxc4 O-O 7. e4 Bg4 8. Be2 Nfd7 9. Be3 Nb6 10. Qd3 Nc6 11. Rd1 {[%emt 0:01:32] D98: Grünfeld: Russian System: 7 e4 Bg4 .} e5 (11... Bxf3 $11 12. gxf3 e6) 12. d5 Bxf3 13. gxf3 (13. dxc6 $14 {is more appropriate.} Qxd3 14. Rxd3 Bxe2 15. Nxe2) 13... Nd4 $1 $11 14. Nb5 Nxb5 (14... Nxe2 $11 15. Kxe2 a6) 15. Qxb5 $14 Re8 {[%emt 0:00:03] [#]} 16. Qd3 $146 ({Predecessor:} 16. O-O Bf8 17. Rc1 Bd6 18. Rc2 Kg7 19. Rfc1 Re7 20. a4 Rb8 21. a5 Nc8 22. Bf1 {1-0 (35) Kaman,A (2209)-Doros,R (2238) Hungary 2010}) 16... Nc8 17. O-O Nd6 18. Rc1 a6 19. a4 Rc8 20. Rc2 Qh4 21. Rfc1 Bh6 (21... Qd8 $14) 22. Rxc7 $16 Rxc7 (22... Bxe3 $16 23. Qxe3 Rxc7 24. Rxc7 f5) 23. Rxc7 $11 Bf4 (23... Bxe3 $1 $11 {keeps the balance.} 24. Qxe3 Qd8) 24. Bxf4 $16 Qxf4 25. Qe3 {[%emt 0:00:24] aiming for Qxf4.} Qf6 26. b4 Re7 27. Rc2 Kg7 28. Kg2 Qh4 29. b5 axb5 30. axb5 (30. Bxb5 $16 f5 31. Bd3) 30... h6 $11 31. b6 Re8 32. Rc7 Qf6 33. Bd3 g5 (33... Ra8 $11) 34. Qc5 Rd8 35. Bb5 {[%emt 0:02:07] White is much more active.} ({Better is} 35. Be2 $16) 35... Qf4 (35... g4 $11 36. fxg4 Qf4) 36. Bd7 Nxe4 37. fxe4 ({White should try} 37. Qb4 $1 $14 Nf6 38. Qxf4 gxf4 39. Be6 Nxd5 40. Rxf7+ Kg6 41. Rxb7) 37... Rxd7 $1 $14 {[%emt 0:01:00][%mdl 4096] Endgame KQR-KQR} 38. Qe3 {[%emt 0:00:32] Threatens to win with Qxf4.} Qg4+ 39. Kf1 Qd1+ 40. Qe1 Qg4 41. Qe2 (41. Rxd7 $11 Qh3+ 42. Kg1 Qg4+ 43. Kh1 Qf3+ 44. Kg1 Qg4+ 45. Kh1 Qf3+ 46. Kg1 Qg4+) 41... Qh3+ $15 42. Kg1 {[%emt 0:00:01] [#]} Kf8 $2 {[%emt 0:08:57] [#]} (42... Rd6 $1 $17 {keeps the pressure on.} 43. Rxb7 Rf6) 43. f3 (43. Qd1 $1 $16) 43... Rd6 $1 $11 44. Rxb7 {[%emt 0:00:45] Black must now prevent Qf2.} Qc8 45. Rc7 Qb8 46. Qa6 {[%emt 0:01:25] Intending Rc8+ and mate.} (46. Qc2 {keeps more tension.} Qxb6+ 47. Kg2 Qb4 48. Rc4) 46... Qxb6+ {[%emt 0:04:08] The position is equal.} 47. Qxb6 Rxb6 {[%emt 0:00:01] KR-KR} 48. Kg2 h5 49. Kg3 Rb3 50. h3 Rd3 51. Rc6 Kg7 52. Kf2 Rd2+ ({Don't do} 52... f5 53. exf5 Rxd5 54. Rg6+ Kf7 55. Rxg5 $14) 53. Kg3 Rd3 54. Rc2 Kf6 55. Kf2 Rd1 56. Rc6+ Ke7 57. Rh6 h4 $1 58. Rh5 Kf6 59. Rh6+ Ke7 60. Rh5 Kf6 {[%emt 0:00:00] Weighted Error Value: White=0.20 (precise) /Black=0.22 (precise)} 1/2-1/2

[Event "Croatian 1B League 2022"]
[Site "Porec"]
[Date "2022.09.28"]
[Round "5.6"]
[White "Pecnik, Leo"]
[Black "Havas, Janko"]
[Result "1/2-1/2"]
[ECO "B07"]
[WhiteElo "2317"]
[BlackElo "2127"]
[Annotator "TA"]
[PlyCount "46"]
[EventDate "2022.09.24"]
[EventType "team-tourn"]
[EventCountry "CRO"]
[SourceTitle "playchess.com"]
[Source "ChessBase"]
[SourceQuality "1"]
[TimeControl "40/5400+30:1800+30"]

1. d4 Nf6 2. Nc3 d6 3. e4 c6 4. f4 Qa5 5. Bd2 Qb6 6. Nf3 Bg4 7. h3 {[%emt 0:13:56] B07: Pirc Defence: Miscellaneous Systems.} Bxf3 8. Qxf3 Qxd4 9. O-O-O {[%emt 0:01:16] aiming for Be1. White is slightly better.} Nbd7 10. g4 {[%emt 0:08:33][%mdl 1024] White has compensation.} g6 11. a3 {[%emt 0:19:57] Strongly threatening Be3.} Qb6 12. Bc4 {[%emt 0:00:12][%cal Oe4e5] [#]} Bg7 $146 ({Predecessor:} 12... Qc7 13. Rhe1 e6 14. g5 Nh5 15. Qf2 b5 16. Be2 Ng7 17. Be3 a5 18. Bg4 b4 {1-0 (29) Rothkegel,J (1825)-Sparwel,O (1929) Germany 2019}) 13. Rhe1 {[%emt 0:01:57] Black must now prevent e5.} O-O 14. e5 dxe5 15. fxe5 Nd5 16. Bxd5 ({Much worse is} 16. Nxd5 cxd5 17. Qxd5 Qc7 $11) 16... cxd5 17. Nxd5 Qe6 18. Bc3 {[%emt 0:01:41] And now Nc7 would win.} Rac8 {[%emt 0:04:07] [#] Inhibits Nc7.} (18... Rad8 $11 {and Black is okay.}) 19. Kb1 (19. Nf6+ $1 $18 {[%mdl 512] has better winning chances.} exf6 20. exf6 Rxc3 21. Qxc3 Qxf6 22. Rxd7 Qg5+ 23. Qd2) 19... Nc5 $16 20. Bb4 {[%emt 0:08:02] White is more active.} b6 21. Nf4 Qc4 (21... Qc6 $1 $14 22. Qxc6 Rxc6) 22. b3 (22. Nd5 $18 Rfe8 23. Rf1) 22... Qb5 23. Qe2 ({White should play} 23. Nd5 $16 Rfe8 24. Rf1) 23... Qxe2 {[%emt 0:00:23] Weighted Error Value: White=0.35/Black=0.32} 1/2-1/2

[Event "Croatian 1B League 2022"]
[Site "Porec"]
[Date "2022.09.28"]
[Round "5.7"]
[White "Dragnev, Valentin"]
[Black "Ghersinich, Enrico"]
[Result "1-0"]
[ECO "B76"]
[WhiteElo "2544"]
[BlackElo "2145"]
[Annotator "TA"]
[PlyCount "77"]
[EventDate "2022.09.24"]
[EventType "team-tourn"]
[EventCountry "CRO"]
[SourceTitle "playchess.com"]
[Source "ChessBase"]
[SourceQuality "1"]
[TimeControl "40/5400+30:1800+30"]

1. e4 c5 2. Nf3 d6 3. d4 cxd4 4. Nxd4 Nf6 5. Nc3 g6 6. Be3 Bg7 7. f3 O-O 8. Qd2 Nc6 9. O-O-O d5 10. exd5 Nxd5 11. Nxc6 bxc6 12. Bd4 Bxd4 13. Qxd4 Qb6 14. Na4 Qc7 {[%emt 0:00:06] B76: Sicilian Dragon: Yugoslav Attack, 9 g4 and 9 0-0-0.} 15. Bc4 Rd8 16. Nc5 (16. Bxd5 cxd5 17. Rd2 Rb8 $15) 16... Rb8 {[%emt 0:05:20] White is slightly better.} 17. Bb3 {[%emt 0:00:54] White is more active.} Rb4 {[%emt 0:39:44] [#]} 18. Qf2 $146 ({Predecessor:} 18. Qd2 Qb6 19. Nd3 Rb5 20. Ne5 a5 21. Qd4 c5 22. Qf2 Bb7 23. Bxd5 Rxd5 24. c4 Rxe5 25. cxb5 Qxb5 {1-0 (46) Kovacevic,A (2485)-Vucinic,G (2349) Vrnjacka Banja 2021}) 18... a5 19. Rd2 Rd6 20. Rhd1 Rf6 21. a3 Rb8 22. g3 (22. c4 $6 Nf4 $14) 22... a4 23. Nxa4 (23. Bxd5 $6 cxd5 24. Rxd5 Bb7 $16) 23... Bg4 {[%emt 0:00:27] [#]} 24. Rd3 (24. Bxd5 $6 cxd5 25. Rd3 e5 $14) 24... Bf5 {[%emt 0:02:04] [#]} 25. Rd4 Qa7 {[%emt 0:01:44] Prevents Nc5.} 26. R1d2 (26. Bxd5 cxd5 27. R1d2 e5 $11) 26... e5 {[%emt 0:03:51] [#]} (26... Kg7 $142 27. Bxd5 cxd5) 27. Rb4 $1 $18 Qa8 (27... Qc7 28. Rxb8+) 28. Rxb8+ Qxb8 29. Qc5 ({Resist} 29. Bxd5 $6 cxd5 30. Nc3 (30. Rxd5 Be4 $16) 30... Rb6 $18) 29... Qe8 (29... Bd7 $142 30. Rd1 Kg7) 30. Bxd5 cxd5 31. Nc3 ({Not} 31. Rxd5 Rc6 32. Rd8 (32. Rxe5 $2 Qa8 $19) 32... Qxd8 $16) 31... d4 (31... Be6 $142 32. Nxd5 Rxf3 33. Ne7+ Kg7 34. Qxe5+ Kh6) 32. Nd5 {[%emt 0:00:25] White is clearly winning.} Ra6 33. g4 Bd7 34. Nc7 Qc8 35. Nxa6 Qxa6 36. Qxe5 Qf1+ 37. Rd1 Qxf3 38. Rxd4 Qf1+ 39. Rd1 {[%emt 0:00:11] Weighted Error Value: White=0.03 (flawless) /Black=0.41} 1-0

[Event "Croatian 1B League 2022"]
[Site "Porec"]
[Date "2022.09.28"]
[Round "5.8"]
[White "Licardo, Renato"]
[Black "Shengelia, David"]
[Result "0-1"]
[ECO "B30"]
[WhiteElo "2223"]
[BlackElo "2451"]
[Annotator "TA"]
[PlyCount "44"]
[EventDate "2022.09.24"]
[EventType "team-tourn"]
[EventCountry "CRO"]
[SourceTitle "playchess.com"]
[Source "ChessBase"]
[SourceQuality "1"]
[TimeControl "40/5400+30:1800+30"]

1. e4 c5 2. Nf3 Nc6 3. Bb5 e6 4. O-O Nge7 5. d4 cxd4 6. Nxd4 Qb6 7. Bxc6 {[%emt 0:00:48] B30: Sicilian: 2...Nc6 3 Bb5, lines without ...g6.} Nxc6 8. Nb3 Be7 9. c4 {[%emt 0:01:28] The position is equal.} O-O 10. Nc3 Qc7 11. Be3 {[%emt 0:01:33] [#]} Na5 $146 (11... Ne5 $11) ({Predecessor:} 11... b6 12. Rc1 Bb7 13. Nb5 Qe5 14. Qxd7 Rab8 15. f3 Rfd8 16. Qc7 Bf6 17. Qxe5 Bxe5 {1-0 (54) Novikov,M (2501)-Timofeev,A (2549) Sochi 2017}) 12. Nxa5 $14 Qxa5 13. Bf4 {[%emt 0:01:32] Inhibits d6.} Qb4 14. Qd3 (14. Nb5 $16) 14... b6 15. a3 Qb3 (15... Qxb2 $2 16. Rfb1 Bxa3 17. Rxb2 Bxb2 18. Rd1 $18) 16. Rfd1 {[%emt 0:04:57][%cal Oc3d5] [#] Hoping for Nd5!} Bc5 $1 (16... Qxb2 $2 17. Rdb1 Bxa3 18. Rxb2 Bxb2 19. Rd1 Bxc3 20. Qxc3 $18) 17. Nb5 (17. Rd2 $14 {is superior.}) 17... Qxb2 $11 18. Qg3 (18. Be3 $11 Qe5 19. Bxc5 bxc5 20. Re1) 18... Bb7 $15 19. Nd6 Bc6 {[%emt 0:01:11] A strong pair of Bishops.} 20. Rab1 (20. Kf1 $17 {is a better defense.} Qf6 21. a4) 20... Qf6 ({Black should play} 20... Qxa3 $19 21. Rb3 Qa2) 21. Re1 $17 Qg6 22. Qh3 $2 {[%emt 0:00:52][%mdl 8192] [#]} (22. Rb3 $17) 22... e5 {[%emt 0:00:40] Weighted Error Value: White=0.66/Black=0.20 (precise)} 0-1

[Event "Croatian 1B League 2022"]
[Site "Porec"]
[Date "2022.09.28"]
[Round "5.9"]
[White "Sertic, Rudolf"]
[Black "Markovic, Alen"]
[Result "1-0"]
[ECO "D38"]
[WhiteElo "2357"]
[BlackElo "2233"]
[Annotator "TA"]
[PlyCount "99"]
[EventDate "2022.09.24"]
[EventType "team-tourn"]
[EventCountry "CRO"]
[SourceTitle "playchess.com"]
[Source "ChessBase"]
[SourceQuality "1"]
[TimeControl "40/5400+30:1800+30"]

1. Nf3 Nf6 2. c4 e6 3. Nc3 d5 4. d4 Bb4 5. Qa4+ Nc6 6. cxd5 exd5 7. Bg5 h6 8. Bxf6 Qxf6 9. e3 O-O 10. Be2 Be6 11. O-O a6 12. Rfc1 Rfd8 {[%emt 0:06:19] D38: Queen's Gambit Declined: Ragozin Defence (4 Nf3 Bb4).} 13. Qd1 Bd6 14. Na4 Ne7 {[%emt 0:05:06] The position is equal.} 15. Nc5 Bc8 16. Qf1 a5 17. a3 {[%emt 0:21:17] [#]} g5 $146 ({Predecessor:} 17... b6 18. Na4 Bd7 19. Nc3 c5 20. Rd1 Bf5 21. Rac1 c4 22. Nd2 Rac8 23. g3 Bb8 {0-1 (42) Fuchs,R-Sanguineti,R Varna 1958}) 18. b4 b6 19. Na6 (19. Nd3 $11 {keeps the balance.}) 19... axb4 20. axb4 Rd7 $2 {[%emt 0:11:00][%mdl 8192] [#]} (20... c6 $17 {stays on course.}) 21. Nc5 $1 $18 bxc5 22. Rxa8 cxb4 23. Ba6 Rd8 24. Bxc8 Nxc8 25. Qa6 ({White should try} 25. Ne5 $18) 25... Nb6 $16 26. Rxd8+ Qxd8 27. Ne1 {[%emt 0:05:24] White is more active.} (27. Ne5 $16) 27... Kg7 (27... Nc4 $14 {feels stronger.}) 28. Qd3 (28. Nd3 $16) 28... Qa8 29. Rb1 Na4 30. Nc2 ({Better is} 30. Ra1 $14 Qe8 31. Nf3) 30... Nc3 $11 31. Rb2 (31. Nxb4 $2 Nxb1 32. Qxb1 Bxb4 $19) 31... Qa4 32. g3 g4 33. Kg2 h5 34. Qf1 Kg6 35. Qe1 f5 36. Qf1 Kg5 37. h3 h4 $2 (37... Kf6 $14) 38. gxh4+ Kxh4 (38... Kh5 $16 {was necessary.}) 39. hxg4 $18 fxg4 {[%emt 0:00:08] [#]} 40. f4 gxf3+ 41. Kxf3 $2 (41. Qxf3 $18 {aiming for Qh3+.} Ne4 42. Qf7) 41... Kg5 (41... Qd7 $1 $15 {is superior.} 42. Qh1+ Kg5 43. Qg2+ Kh4 44. Qh1+ Kg5 45. Qg1+ (45. Qg2+ Kh5 $15) 45... Kh5 46. Qh1+ Kg6 47. Qg2+ Kf6) 42. Kg2 $36 {[%emt 0:21:18][%mdl 2048] White fights for an advantage.} Ne4 $2 (42... Qd7 $11 43. Kg1 Qg4+ 44. Qg2 Na4 45. Qxg4+ Kxg4) 43. Ne1 (43. Qf7 $16 Kh6 44. Qe6+ (44. Qxd5 Qe8 $18) 44... Kg7 45. Qxd5) 43... Qa3 (43... Qe8 $11) 44. Nd3 $18 {[%emt 0:00:49] Black must now prevent Kh3. Really sharp!} Ng3 45. Qd1 Nf5 {[%emt 0:00:56] [#]} 46. Re2 (46. Kh3 $1 $16 {And now Rf2 would win.} Kf6 47. Rf2) 46... Kf6 $2 (46... Qa8 $11) 47. Rf2 {[%emt 0:01:37] White is clearly winning.} Ke6 48. Qe2 Qa8 {[%emt 0:03:38] Threatens to win with ...Qg8+.} 49. Qg4 {[%emt 0:00:43] Against Qg8} Qf8 50. e4 {[%emt 0:01:01] Weighted Error Value: White=0.31/Black=0.53} 1-0

[Event "Croatian 1B League 2022"]
[Site "Porec"]
[Date "2022.09.28"]
[Round "5.10"]
[White "Grbac, Ivica"]
[Black "Drmic, Tomislav"]
[Result "0-1"]
[ECO "C00"]
[WhiteElo "2114"]
[BlackElo "2254"]
[Annotator "TA"]
[PlyCount "94"]
[EventDate "2022.09.24"]
[EventType "team-tourn"]
[EventCountry "CRO"]
[SourceTitle "playchess.com"]
[Source "ChessBase"]
[SourceQuality "1"]
[TimeControl "40/5400+30:1800+30"]

1. e4 e6 2. f4 d5 3. e5 Ne7 4. c3 Qd7 5. Nf3 b6 6. d4 {[%emt 0:01:30] C00: French: Unusual White 2nd moves.} Nf5 {[%emt 0:03:57] [#]} 7. Bd3 $146 ({Predecessor:} 7. g4 Nh6 8. h3 Ba6 9. Bxa6 Nxa6 10. O-O c5 11. Qe2 Nb8 12. Be3 Nc6 13. Nbd2 {1-0 (31) Boyer,M (2307)-Taboas Rodriguez,D (2367) Chess.com INT 2020}) 7... Ba6 8. O-O {[%emt 0:03:20] White has an edge.} Bxd3 9. Qxd3 h5 10. a4 c5 11. b3 Nc6 12. Ba3 Be7 13. Nbd2 Rc8 14. Rfc1 O-O 15. Bb2 Na5 16. Qe2 Rc7 17. Kh1 g6 18. dxc5 (18. Qd3 $142) 18... bxc5 $17 19. Rg1 (19. Qb5 $142 Nc6 20. Qf1) 19... Kg7 20. g4 $2 (20. Qb5 {might work better.} Nc6 21. Qd3) 20... hxg4 $19 21. Rxg4 Rb7 {[%emt 0:02:06] Prevents Qb5.} 22. Rag1 Rh8 (22... Nxb3 $2 23. Nf1 $19) 23. b4 cxb4 24. Nd4 Nxd4 25. cxd4 Rc7 {[%emt 0:02:09] Hoping for ...Rc2.} 26. R4g2 Nc4 (26... Qxa4 27. f5 exf5 28. e6 $17) 27. f5 exf5 (27... Nxb2 $19 {has better winning chances.} 28. f6+ Kg8 29. fxe7 Qxe7) 28. e6 $17 Qd6 ({Reject} 28... Qxe6 $6 29. Rxg6+ Qxg6 30. Nxc4 Rxc4 31. Qxe7 $11) (28... Qxa4 $2 29. Nxc4 Rxc4 30. exf7 Kxf7 31. Qe5 $18) 29. exf7 Rh6 $2 {[%emt 0:09:11][%mdl 8192] [#] Really sharp! Black is more active.} (29... g5 $17 {keeps the pressure on.} 30. Rxg5+ Bxg5 31. Rxg5+ Kf6 32. Nxc4 dxc4) 30. Bc1 $18 f4 {[%emt 0:01:53] [#]} 31. Nxc4 ({White must play} 31. Nf3 $1 $18 {[%cal Rf3e5] Ne5 is the strong threat.} Qf6 32. Rf1) 31... Rxc4 $11 (31... dxc4 $2 32. Qf3 Kxf7 33. Bxf4 $18) 32. Bxf4 Qxf4 33. Qxe7 Qxf7 34. Qe5+ Kh7 (34... Qf6 $5 35. Qe8 a6 $15) 35. Re1 (35. a5 $11) 35... Rc7 ({Black should play} 35... Rh4 $17 {White must now prevent ...Re4.} 36. Qe7 Qxe7 37. Rxe7+ Kh6 38. Rxa7 Rhxd4) 36. Kg1 (36. Rf2 $15 Qg7 37. Qd6) 36... Rh5 $19 37. Qd6 a5 38. Rf1 $2 (38. Qb6) 38... Rf5 39. Re1 Qg7 $40 {[%emt 0:01:45][%mdl 128] Black goes for the king.} 40. Kh1 Rcf7 41. Reg1 g5 42. Qd8 $2 (42. Qc5 $17 {is more resistant.}) 42... Qxd4 {[%emt 0:01:12] Strongly threatening ...Qe4.} 43. h4 (43. Rxg5 {is a self mate.} Rxg5 44. Qxg5 Qe4+ 45. Qg2 Qxg2+ 46. Rxg2 Rf1+ 47. Rg1 Rxg1+ 48. Kxg1 b3 49. h3 b2 50. Kf2 b1=Q 51. Ke3 Qe4+ 52. Kd2 d4 53. h4 Qe3+ 54. Kc2 Qc3+ 55. Kb1 d3 56. Ka2 d2 57. h5 d1=Q 58. h6 Qdc2#) (43. Rg4 $19 Qe3 44. Rh4+ Kg6 45. Rhg4 (45. Qg8+ $2 Rg7 $19)) 43... Rf4 (43... Qe4 $142 44. hxg5 Kg7 45. Qb6 Rf4 46. Qh6+ Kg8 47. Rc1 Rh4+ 48. Qxh4 Qxh4+ 49. Kg1 Qd4+ 50. Kh1 Rh7+ 51. Rh2 Qe4+ 52. Kg1 Qe3+ 53. Rf2 Qxc1+ 54. Kg2 Qh1+ 55. Kg3 Qh4+ 56. Kf3 Rf7+ 57. Ke2 Rxf2+ 58. Ke3 Rg2 59. Kf3 Qg3#) 44. Qxg5 Rxh4+ 45. Rh2 Qe4+ {[%emt 0:01:12] Black mates.} 46. Qg2 Qxg2+ 47. Kxg2 Rg7+ {[%emt 0:00:07] Weighted Error Value: White=0.76/Black=0.46} 0-1

[Event "Croatian 1B League 2022"]
[Site "Porec"]
[Date "2022.09.28"]
[Round "5.11"]
[White "Ascic, Pero"]
[Black "Kukurin, Luka"]
[Result "1-0"]
[ECO "D04"]
[WhiteElo "2237"]
[BlackElo "2089"]
[Annotator "TA"]
[PlyCount "111"]
[EventDate "2022.09.24"]
[EventType "team-tourn"]
[EventCountry "CRO"]
[SourceTitle "playchess.com"]
[Source "ChessBase"]
[SourceQuality "1"]
[TimeControl "40/5400+30:1800+30"]

1. d4 d5 2. Nf3 c5 3. e3 Nf6 4. a3 e6 5. Be2 Nc6 6. O-O {[%emt 0:00:40] D04: Colle System.} Bd6 7. dxc5 Bxc5 8. b4 {[%emt 0:00:02] White is slightly better.} Be7 9. Bb2 O-O 10. Nbd2 b6 11. c4 Bb7 12. Qc2 {[%emt 0:04:02] [#]} Rc8 $146 ({Predecessor:} 12... h6 13. Rad1 Rc8 14. e4 dxc4 15. Nxc4 Qc7 16. Rd2 b5 17. Ne3 Qb6 18. Qb1 a5 19. bxa5 Nxa5 20. Bd4 {½-½ (20) Glaschak,J (1433)-Grenz,M (1455) Lehrte 2017}) 13. Rfd1 Qc7 14. Rac1 {[%emt 0:05:38] [#] Hoping for Bxf6.} Qb8 15. Qb1 h6 16. Qa1 {[%emt 0:03:51] Threatens to win with cxd5.} Rfd8 17. h3 Qa8 18. Bf1 Nb8 19. Ne5 Nbd7 20. Ndf3 (20. Nxd7 {with more complications.} Rxd7 21. Bd4 dxc4 22. Nxc4 Bd5 23. f3) 20... Nxe5 (20... dxc4 {is more complex.} 21. Nxd7 Rxd7 22. Rxd7 Nxd7 23. Ne1 b5) 21. Nxe5 dxc4 {[%emt 0:02:47] Strongly threatening ...b5.} 22. Rxc4 (22. Rxd8+ {seems wilder.} Rxd8 23. Nxc4 Bd5 24. b5) 22... Rxd1 23. Qxd1 Rxc4 24. Nxc4 Bd5 25. Qd4 Bf8 26. f3 Qb8 27. e4 Bb7 28. Qd2 Qc7 29. Be5 Qd7 30. Qxd7 Nxd7 31. Bc7 Bc6 32. Kf2 Be7 33. Ke3 Bb5 34. Bd3 Ba4 35. f4 Kf8 36. Kd4 Bh4 37. Nd6 Bf2+ 38. Kc3 a5 39. Bb5 Bxb5 40. Nxb5 axb4+ 41. axb4 $11 {[%emt 0:00:06][%mdl 4096] Endgame KBN-KBN} Nf6 42. Kd3 Ke7 43. Nd4 Kd7 (43... Bg3 $11) 44. Bxb6 $16 Nh5 45. Ke2 Bg1 {[%emt 0:05:01] Loses the game.} ({Better is} 45... Bxd4 $14 46. Bxd4 Nxf4+ 47. Kf3 g5) 46. Kf3 $18 f6 $2 (46... g5 47. fxg5 hxg5) 47. Bc5 {[%emt 0:09:10] White is clearly winning.} Nxf4 (47... e5 $142) 48. Kxf4 e5+ {[%emt 0:00:05] [#]} 49. Kf3 $1 {[%emt 0:00:28] And now Nf5 would win.} exd4 {[%emt 0:00:19] KB-KB} 50. Ke2 Kc6 51. Kd3 Kb5 52. Bf8 g6 53. Bxh6 {[%emt 0:01:45] Black must now prevent Bg7.} Kxb4 54. Bg7 Kc5 55. Bxf6 Be3 56. h4 {[%emt 0:00:27] Weighted Error Value: White=0.08 (flawless) /Black=0.25 (precise)} 1-0